 Dungeon Crawl Stone Soup version 0.20-a0-839-gdaf5c57 (webtiles) character file.

2 4thArraOfDagon the Chiller (level 1, 0/14 HPs)
             Began as a Mummy Wanderer on Mar 8, 2017.
             Slain by a hound (6 damage)
             ... on level 5 of the Dungeon.
             The game lasted 00:00:50 (167 turns).

4thArraOfDagon the Chiller (Mummy Wanderer)          Turns: 167, Time: 00:00:51

Health: 0/14       AC:  2    Str: 18    XL:     1   Next: 25%
Magic:  2/2        EV: 11    Int:  9    God:
Gold:   41         SH:  0    Dex: 10    Spells: 2/2 levels left

rFire    . . .     SeeInvis .   a - +2 shortbow
rCold    . . .     Gourm    .   e - +0 robe
rNeg     + + +     Faith    .   (shield currently unavailable)
rPois    ∞         Spirit   .   (no helmet)
rElec    .         Reflect  .   (no cloak)
rCorr    .         Harm     .   (no gloves)
MR       .....                  (no boots)
Stlth    +.........             (no amulet)
Regen    0.1/turn               (no ring)
MPRegen  0.1/turn               f - ring of fire

@: no status effects
A: no food or potions, fire vulnerability, cold resistance 1, negative energy
resistance 3, torment resistance, unbreathing
a: no special abilities


You were on level 5 of the Dungeon.
You were not hungry.

You visited 1 branch of the dungeon, and saw 5 of its levels.

You collected 41 gold pieces.

Inventory:

Hand Weapons
 a - a +2 shortbow (weapon)
Missiles
 b - 16 arrows (quivered)
Armour
 e - a +0 robe (worn)
Jewellery
 f - a ring of fire (left hand)
Scrolls
 d - 2 scrolls of teleportation
Books
 c - the Almanac of Contamination

   Spells                             Type                      Level
   a - Sting                          Conjuration/Poison           1
   b - Mephitic Cloud                 Conjuration/Poison/Air       3


   Skills:
 + Level 0.6 Fighting
 * Level 1.5 Bows
 - Level 1.0 Throwing
 - Level 1.0 Armour
   Level 1.0 Shields
 - Level 1.3 Spellcasting
   Level 1.5 Summonings
   Level 1.5 Ice Magic


You had 2 spell levels left.
You didn't know any spells.

Dungeon Overview and Level Annotations

Branches:
Dungeon (5/15)
 Temple: D:4-7

Altars:
Hepliaklqana


Innate Abilities, Weirdness & Mutations

You do not eat or drink.
Your flesh is vulnerable to fire.
You are immune to poison.
Your flesh is cold resistant. (rC+)
You are immune to negative energy. (rN+++)
You are immune to unholy pain and torment.
You can survive without breathing.


Message History

You shoot an arrow. The arrow closely misses the hound.
The hound bites you.
Firing (i - inventory):
b - 19 arrows (quivered)
Press: ? - help, Shift-Dir - straight line, f/p - hound
Aim: a hound (severely wounded)
You shoot an arrow. The arrow closely misses the hound.
The hound bites you but does no damage. The hound bites you.
You are too injured to fight recklessly!
You are too injured to fight recklessly!
You are too injured to fight recklessly!
You are too injured to fight recklessly!
Firing (i - inventory):
b - 18 arrows (quivered)
Press: ? - help, Shift-Dir - straight line, f/p - hound
Aim: a hound (severely wounded)
You shoot an arrow. The arrow closely misses the hound.
The hound barely misses you. The hound bites you but does no damage.
Firing (i - inventory):
b - 17 arrows (quivered)
Press: ? - help, Shift-Dir - straight line, f/p - hound
Aim: a hound (severely wounded)
You shoot an arrow. The arrow misses the hound.
The hound bites you.
You die...

.............#......
......##.###...#####
.......#.# #...#
...##..#.# .....#
...##..#.# #...##
.........###############
....##.##...............
.#..##...#...#...#...#..
.##.##.#........@h.(...(
.##.##.###...#...#...#..
.......##...............
###.####################
.... ..... #....# #.#.##
#.###


You could see a hound.

Vanquished Creatures
  A bat (D:2)
  A rat (D:1)
2 creatures vanquished.

Notes
Turn   | Place    | Note
-------+----------+-------------------------------------------
     0 | D:1      | 4thArraOfDagon the Mummy Wanderer began the quest for the Orb.
     0 | D:1      | 4thArraOfDagon set off with: a +2 shortbow, 22 arrows, the Almanac of Contamination, a scroll of teleportation, a +0 robe
     0 | D:1      | Reached XP level 1. HP: 13/13 MP: 2/2
   116 | D:4      | Found a hazy altar of Hepliaklqana.
   116 | D:4      | Noticed an iguana
   129 | D:5      | Entered Level 5 of the Dungeon
   161 | D:5      | Noticed a hound
   167 | D:5      | Slain by a hound

Vault maps used:
D:1:      scummos_arrival_forest
D:2:      minitemple, kennysheep_minor_cross, uniq_natasha, uniq_robin
D:3:      kennysheep_six_static_rooms, nicolae_overflow_crystal_walls,
          elyvilon_altar_4, minmay_misc_feat_columns, minmay_checkerbox
D:4:      nicolae_overflow_hidden_temple, lemuel_round_altar, first_bread,
          minivault_4, st_stairs_9, grunt_decor_fettered, dk_noncrumbling_4,
          uniq_crazy_yiuf_cottage, uniq_edmund, uniq_eustachio
D:5:      lemuel_coloured_pillars_altar, grunt_ministairs_2,
          kennysheep_generic_room_9

Action                   || total
-------------------------++-------
 Fire: Shortbow          ||     9
Armor: Robe              ||     3
Dodge: Dodged            ||     2
